 Dungeon Crawl Stone Soup version 0.23-a0-625-g1d2cd9b (webtiles) character file.

2277 Firecrotchwizard the Carver (level 9, -3/79 HPs)
             Began as a Minotaur Berserker on Dec 24, 2018.
             Was an Elder of Trog.
             Slain by an ogre
             ... wielding a +0 giant club
              (11 damage)
             ... on level 7 of the Dungeon.
             The game lasted 00:11:30 (5450 turns).

Firecrotchwizard the Carver (Minotaur Berserker)    Turns: 5450, Time: 00:11:30

Health: -3/79      AC: 15    Str: 25    XL:     9   Next: 16%
Magic:  8/8        EV:  9    Int:  4    God:    Trog [****..]
Gold:   334        SH:  0    Dex: 10    Spells: 8/8 levels left

rFire    . . .     SeeInvis .   d - +0 falchion (drain)
rCold    . . .     Gourm    .   (no shield)
rNeg     . . .     Faith    +   i - +0 plate armour
rPois    .         Spirit   .   (helmet restricted)
rElec    .         Reflect  .   t - +0 cloak
rCorr    +         Harm     .   E - +0 pair of gloves
MR       ++...                  (no boots)
Stlth    ..........             q - amulet of faith {Faith, !P}
HPRegen  1.23/turn              A - ring of resist corrosion
MPRegen  0.11/turn              G - ring of stealth {Stlth+}

@: regenerating
A: retaliatory headbutt, horns 2
a: Berserk, Trog's Hand, Brothers in Arms, Renounce Religion


You were on level 7 of the Dungeon.
You worshipped Trog.
Trog was greatly pleased with you.
You were near starving.

You visited 1 branch of the dungeon, and saw 7 of its levels.

You collected 334 gold pieces.

Inventory:

Hand Weapons
 a - a +0 falchion
 d - a +0 falchion of draining (weapon)
   (You found it on level 6 of the Dungeon)
Missiles
 j - a throwing net {=f, !d}
Armour
 b - a +0 animal skin
 g - a +0 chain mail
   (You found it on level 1 of the Dungeon)
 i - a +0 plate armour (worn)
   (You took it off an orc warrior on level 3 of the Dungeon)
 t - a +0 cloak (worn)
   (You found it on level 3 of the Dungeon)
 E - a +0 pair of gloves (worn)
   (You found it on level 6 of the Dungeon)
Jewellery
 q - an amulet of faith (around neck) {Faith, !P}
   (You found it on level 2 of the Dungeon)
 A - a ring of resist corrosion (left hand)
   (You found it on level 4 of the Dungeon)
 B - an uncursed ring of fire {rF+, rC-}
   (You found it on level 4 of the Dungeon)
 G - a ring of stealth (right hand) {Stlth+}
   (You found it on level 6 of the Dungeon)
Wands
 k - a wand of flame (28)
   (You took it off Jessica on level 2 of the Dungeon)
 C - a wand of paralysis (11)
   (You found it on level 6 of the Dungeon)
Scrolls
 n - a scroll of amnesia
 o - a scroll of enchant armour {unknown}
 p - 6 scrolls of remove curse
 z - a scroll of magic mapping {unknown}
 D - 2 scrolls of enchant weapon {unknown}
 F - 2 scrolls of holy word {unknown}
Potions
 e - a potion of resistance {unknown}
 f - 3 potions of curing
 h - 4 potions of brilliance
 l - a potion of berserk rage {unknown}
 r - 3 potions of invisibility {unknown}
 s - a potion of cancellation {unknown}
 u - 2 potions of might {unknown}
 v - 2 potions of haste {unknown}
 w - 2 potions of degeneration {unknown}
 x - a potion of lignification {unknown}
Comestibles
 c - 12 rations
 H - 4 chunks of flesh {@w0}


   Skills:
 + Level 7.5 Fighting
 * Level 9.9 Long Blades
 + Level 6.9 Armour
 + Level 6.3 Dodging


You had 8 spell levels left.
You didn't know any spells.
Your spell library was empty.

Dungeon Overview and Level Annotations

Branches:
Dungeon (7/15)             Temple (0/1) D:5

Altars:
Cheibriados
Elyvilon
Kikubaaqudgha
Nemelex Xobeh
Okawaru
Ru
Trog
Uskayaw
Vehumet
Xom
Yredelemnul

Shops:
D:4 [


Innate Abilities, Weirdness & Mutations

You reflexively headbutt those who attack you in melee.
You have a pair of horns on your head.


Message History

A jackal comes into view.
The jackal barks!
You hit the hippogriff. You drain the hippogriff!
You hear a shout!
A jackal comes into view.
The hippogriff bites you but does no damage.
The hippogriff pecks you but does no damage.
The hippogriff claws you.
You take 1 damage, and have 39/79 hp.
You closely miss the hippogriff.
The jackal barks!
You hit the hippogriff but do no damage.
You drain the hippogriff! You headbutt the hippogriff!
The hippogriff barely misses you. x2
The hippogriff claws you but does no damage.
You closely miss the hippogriff.
The hippogriff bites you but does no damage.
The hippogriff pecks you. The hippogriff claws you.
You take 4 damage, and have 37/79 hp.
You hit the hippogriff. You drain the hippogriff!
The hippogriff bites you but does no damage.
The hippogriff pecks you but does no damage.
The hippogriff barely misses you.
You slash the hippogriff!
You kill the hippogriff!
Trog accepts your kill.
An orc priest comes into view. It is wielding a +0 short sword.
An orc warrior comes into view. It is wielding a +0 trident.
You regained 2 hp, and now have 41/79 hp.
You hit the jackal.
The jackal bites you but does no damage.
The jackal barely misses you.
You slash the jackal!
You kill the jackal!
Trog accepts your kill.
An ogre comes into view. It is wielding a +0 giant club.
The jackal bites you but does no damage.
An orc priest comes into view.
It is wielding a +4 short sword of freezing.
The orc priest looks satisfied for a moment.
The orc priest shouts!
The ogre shouts!
An orc wizard comes into view. It is wielding a +0 dagger.
The jackal bites you but does no damage.
The orc priest mumbles some strange prayers to Beogh against you.
Beogh smites you!
You hear a bark!
You see here a jackal corpse.
You take 11 damage, and have 31/79 hp.
Okay, then.
Okay, then.
You fail to use your ability.
The orc wizard shouts!
The jackal barely misses you. You furiously retaliate!
You headbutt the jackal!
You kill the jackal!
Trog accepts your kill.
You fail to use your ability.
The orc warrior hits you but does no damage.
A hound comes into view.
Your ogre goes berserk!
You feel quite a bit more hungry.
The orc warrior hits you but does no damage.
You hit the orc priest.
The orc priest hits you but does no damage.
You are near starving!
The orc priest hits you but does no damage.
You regained 2 hp, and now have 37/79 hp.
Your plate armour prevents you from hitting the orc priest.
The orc wizard hits you but does no damage.
The orc warrior hits you from afar with a +0 trident.
The orc priest closely misses you.
You riposte.
You hit the orc priest but do no damage.
You drain the orc priest! The ogre hits you but does no damage.
Your ogre misses the orc warrior.
You hit the orc priest but do no damage.
The hound bites you but does no damage. The orc wizard casts a spell at you.
The magic dart hits you! The orc warrior barely misses you.
The orc priest hits you but does no damage.
You closely miss the orc priest. Your ogre misses the orc warrior.
The hound barely misses you. The ogre hits you with a +0 giant club!
The orc wizard hits you but does no damage.
The hound bites you but does no damage.
The orc warrior hits you from afar with a +0 trident!
* * * LOW HITPOINT WARNING * * *
The orc priest hits you but does no damage.
You take 24 damage, and have 14/79 hp.
MASSIVE DAMAGE!!
You hit the orc priest. You headbutt the orc priest.
You kill the orc priest!
Trog accepts your kill.
Your ogre hits the orc warrior with a +0 giant club!!
The hound bites you but does no damage. The orc wizard closely misses you.
You furiously retaliate!
You headbutt the orc wizard! The ogre hits you with a +0 giant club!
* * * LOW HITPOINT WARNING * * *
You take 8 damage, and have 6/79 hp.
Your ogre closely misses the orc warrior.
The orc warrior barely misses you.
Your ogre barely misses the orc warrior.
The ogre hits you with a +0 giant club!
You die...

..........#
..........#
..........#
..........##
...........#
...........#
.......o...#
........h@.##
.......oO.[.#
......oO...##
#.........##
.........##
######
.......###
#.....#
.......
.......
###....
....... #
#####
.......## #


You could see an orc warrior, an ogre, a hound, an orc priest, an orc wizard and
a friendly ogre (berserk).

Vanquished Creatures
  2 hippogriffs
  A yak (D:7)
  2 orc warriors
  2 sky beasts
  A black bear (D:7)
  A necrophage (D:7)
  2 ogres (D:4)
  2 centaurs (D:6)
  A bullfrog (D:6)
  A wyvern zombie (D:6)
  A scorpion (D:6)
  2 howler monkeys
  A centaur zombie (D:5)
  A bullfrog skeleton (D:6)
  3 orc priests
  3 orc wizards
  Jessica (D:2)
  6 worker ants
  A hound skeleton (D:5)
  Robin (D:2)
  8 adders
  A howler monkey skeleton (D:5)
  3 shadow imps
  3 oozes (D:1)
  2 adder zombies (D:6)
  2 worms
  A leopard gecko (D:6)
  20 orcs
  4 bats
  4 giant cockroaches
  10 goblins
  18 hobgoblins
  5 jackals
  A quokka (D:3)
  A ball python (D:5)
  6 frilled lizards
  10 kobolds
  6 rats (D:1)
140 creatures vanquished.

Vanquished Creatures (others)
  A bullfrog (D:6)
  A hound zombie (D:6)
  An orc (D:6)
3 creatures vanquished.

Grand Total: 143 creatures vanquished

Notes
Turn   | Place    | Note
-------+----------+-------------------------------------------
     0 | D:1      | Firecrotchwizard the Minotaur Berserker began the quest for
                  | the Orb.
     0 | D:1      | Reached XP level 1. HP: 19/19 MP: 0/0
   371 | D:1      | HP: 3/20 [hobgoblin/+0 club (3)]
   676 | D:1      | Reached XP level 2. HP: 14/27 MP: 1/1
   834 | D:1      | Reached skill level 4 in Long Blades
  1078 | D:1      | Found an iron altar of Okawaru.
  1196 | D:1      | Reached skill level 4 in Fighting
  1196 | D:1      | Reached XP level 3. HP: 30/33 MP: 2/2
  1492 | D:2      | Reached skill level 3 in Armour
  1498 | D:2      | Noticed Jessica
  1506 | D:2      | Reached ** piety under Trog
  1528 | D:2      | Killed Jessica
  1528 | D:2      | Reached XP level 4. HP: 15/40 MP: 3/3
  1585 | D:2      | Reached skill level 3 in Dodging
  1633 | D:2      | Noticed Robin
  1662 | D:2      | Killed Robin
  1662 | D:2      | Reached skill level 5 in Long Blades
  2293 | D:3      | Reached XP level 5. HP: 46/47 MP: 4/4
  2717 | D:4      | Noticed an ogre
  2726 | D:4      | Killed an ogre
  2731 | D:4      | Noticed an orc warrior
  2778 | D:3      | HP: 8/70 [orc warrior/+0 dire flail (21)]
  2780 | D:3      | Killed an orc warrior
  2780 | D:3      | Reached skill level 6 in Long Blades
  2780 | D:3      | Reached skill level 4 in Armour
  2780 | D:3      | Reached XP level 6. HP: 9/55 MP: 5/5
  2785 | D:3      | HP: 6/55 [poisoned by an adder]
  3064 | D:4      | Reached *** piety under Trog
  3087 | D:4      | Reached skill level 5 in Fighting
  3127 | D:4      | Reached skill level 4 in Dodging
  3206 | D:4      | Found a sparkling altar of Nemelex Xobeh.
  3273 | D:4      | Found Dyiprod's Armour Emporium.
  3283 | D:4      | Reached XP level 7. HP: 51/61 MP: 6/6
  3426 | D:4      | Found a white marble altar of Elyvilon.
  3493 | D:5      | Entered Level 5 of the Dungeon
  3542 | D:5      | Reached skill level 7 in Long Blades
  3623 | D:5      | Found a staircase to the Ecumenical Temple.
  3707 | D:5      | Found a radiant altar of Vehumet.
  4082 | D:5      | Reached skill level 5 in Armour
  4091 | D:5      | Found a snail-covered altar of Cheibriados.
  4348 | D:6      | Found a basalt altar of Yredelemnul.
  4360 | D:6      | Reached skill level 6 in Fighting
  4365 | D:6      | Reached **** piety under Trog
  4366 | D:6      | Found a snail-covered altar of Cheibriados.
  4366 | D:6      | Found a shimmering altar of Xom.
  4368 | D:6      | Reached skill level 8 in Long Blades
  4368 | D:6      | Reached skill level 5 in Dodging
  4368 | D:6      | Reached XP level 8. HP: 56/70 MP: 7/7
  4393 | D:6      | Found a bloodstained altar of Trog.
  4393 | D:6      | Found a sacrificial altar of Ru.
  4393 | D:6      | Found a hide-covered altar of Uskayaw.
  4396 | D:6      | Noticed a hippogriff
  4415 | D:5      | Killed a hippogriff
  4703 | D:6      | Reached skill level 6 in Armour
  4860 | D:6      | Found an ancient bone altar of Kikubaaqudgha.
  4981 | D:6      | Reached skill level 9 in Long Blades
  5020 | D:6      | Got a spiked large shield
  5021 | D:6      | Identified the cursed +0 large shield of the Pit {rC+ rN+}
                  | (You found it on level 6 of the Dungeon)
  5285 | D:7      | Reached skill level 7 in Fighting
  5387 | D:7      | Reached skill level 6 in Dodging
  5407 | D:7      | Reached XP level 9. HP: 72/79 MP: 8/8
  5419 | D:7      | HP: 19/79 [yak (11)]
  5447 | D:7      | HP: 14/79 [orc warrior/+0 trident (11)]
  5448 | D:7      | HP: 6/79 [ogre/+0 giant club (9)]
  5450 | D:7      | Slain by an ogre

Vault maps used:
D:1:      minmay_arrival_cross, okawaru_ov_weapons_minmay
D:2:      uniq_jessica, uniq_robin
D:4:      nemelex_altar_shiori, kennysheep_mini_moat, serial_shops,
          shop_fountains, st_stairs_4
D:5:      lemuel_doored_altar, minmay_temple_entry_arrows, first_ration,
          cheibriados_altar_1
D:6:      nicolae_overflow_crystal_walls, grunt_temple_overflow_open,
          lemuel_another_geyser
D:7:      kennysheep_generic_room_3

Skill      XL: |  1  2  3  4  5  6  7  8 |
---------------+-------------------------+-----
Long Blades    | 4 5 6 8 9 |  9.9
Fighting       | 4 5 6 7 |  7.5
Armour         | 3 4 5 6 |  6.9
Dodging        | 3 4 5 6 |  6.3

Action                   |  1- 3 |  4- 6 |  7- 9 || total
-------------------------+-------+-------+-------++-------
Melee: Falchion          |    86 |   109 |   230 ||   425
       Headbutt          |    15 |    24 |    57 ||    96
Invok: Trog's Hand       |     1 |       |     1 ||     2
       Berserk           |       |     1 |     1 ||     2
       Brothers in Arms  |       |       |     1 ||     1
Evoke: Wand              |       |     5 |       ||     5
  Use: Scroll            |       |     2 |     8 ||    10
       Potion            |       |       |     1 ||     1
  Eat: Chunk             |     2 |     4 |     7 ||    13
       Ration            |       |     1 |       ||     1
Armor: Animal skin       |     4 |       |       ||     4
       Chain mail        |    26 |    46 |       ||    72
       Plate armour      |       |    18 |   159 ||   177
Dodge: Dodged            |    37 |    58 |   100 ||   195
       Rpst.: Falchion   |     5 |    14 |    26 ||    45

Table legend:
 A = Non-vault XP
 B = Vault XP
 C = Vault XP percentage of total XP
 D = Non-vault monster count
 E = Vault monster count
 F = Vault count percentage of total count
                 A         B        C        D         E       F
            +---------+---------+-------+---------+---------+-------
      Total |    3064 |     189 |   5.8 |     127 |      13 |   9.3
            +---------+---------+-------+---------+---------+-------
        D:1 |      57 |       0 |   0.0 |      26 |       0 |   0.0
        D:2 |      23 |      71 |  75.5 |      12 |      12 |  50.0
        D:3 |     193 |       0 |   0.0 |      18 |       0 |   0.0
        D:4 |     318 |     118 |  27.1 |      16 |       1 |   5.9
        D:5 |     770 |       0 |   0.0 |      26 |       0 |   0.0
        D:6 |     781 |       0 |   0.0 |      19 |       0 |   0.0
        D:7 |     922 |       0 |   0.0 |      10 |       0 |   0.0
            +---------+---------+-------+---------+---------+-------

Vault maps used:
D:1:      minmay_arrival_cross, okawaru_ov_weapons_minmay
D:2:      uniq_jessica, uniq_robin
D:4:      nemelex_altar_shiori, kennysheep_mini_moat, serial_shops,
          shop_fountains, st_stairs_4
D:5:      lemuel_doored_altar, minmay_temple_entry_arrows, first_ration,
          cheibriados_altar_1
D:6:      nicolae_overflow_crystal_walls, grunt_temple_overflow_open,
          lemuel_another_geyser
D:7:      kennysheep_generic_room_3

Table legend:
 A = Turns spent in this place as a percentage of turns spent in the entire game.
 B = Non-inter-level travel turns spent in this place as a percentage of non-inter-level travel turns spent in the entire game.
 C = Inter-level travel turns spent in this place as a percentage of turns spent in this place.
 D = Turns resting spent in this place as a percentage of non-inter-level travel turns spent in this place.
 E = Turns spent auto-exploring this place as a percentage of non-inter-level travel turns spent in this place.
 F = Non-inter-level travel turns spent in this place divided by the number of levels of this place that you've seen.
                   A       B       C       D       E      F
               +-------+-------+-------+-------+-------+----------------------
         Total | 100.0 | 100.0 |   1.7 |  30.4 |  51.4 | 765.6
       Dungeon | 100.0 | 100.0 |   1.7 |  30.4 |  51.4 | 765.6
               +-------+-------+-------+-------+-------+----------------------

Table legend:
 A = Kills in this place as a percentage of kills in entire the game.
 B = Kills by you in this place as a percentage of kills by you in the entire game.
 C = Kills by friends in this place as a percentage of kills by friends in the entire game.
 D = Other kills in this place as a percentage of other kills in the entire game.
 E = Experience gained in this place as a percentage of experience gained in the entire game.
 F = Experience gained in this place divided by the number of levels of this place that you have seen.
                   A       B       C       D       E      F
               +-------+-------+-------+-------+-------+----------------------
         Total | 100.0 | 100.0 |   N/A |   N/A | 100.0 | 464.7
       Dungeon | 100.0 | 100.0 |   N/A |   N/A | 100.0 | 464.7
               +-------+-------+-------+-------+-------+----------------------
